 Dungeon Crawl Stone Soup version 0.29.1-1-gd02db69 (webtiles) character file.

Game seed: 15226169685480017194

47 Kel the Chopper (level 3, -6/23 HPs)
             Began as a Gargoyle Fighter on Nov 23, 2022.
             Killed from afar by Sigmund (19 damage)
             ... with a bolt of light
             ... on level 3 of the Dungeon.
             The game lasted 00:03:07 (1440 turns).

Kel the Chopper (Gargoyle Fighter)                  Turns: 1440, Time: 00:03:08

Health: -6/23      AC: 14    Str: 21    XL:     3   Next: 70%
Magic:  3/3        EV:  5    Int:  8    God:
Gold:   124        SH:  4    Dex:  9    Spells: 2/2 levels left

rFire   . . .      SeeInvis .   a - +0 war axe
rCold   . . .      Faith    .   c - +0 buckler
rNeg    + . .      Spirit   .   m - +0 plate armour
rPois   ∞          Reflect  .   (no helmet)
rElec   +          Harm     .   (no cloak)
rCorr   .          Rampage  .   (no gloves)
Will    .....                   (no boots)
Stlth   ..........              (no amulet)
HPRegen 0.07/turn               (no ring)
MPRegen 0.08/turn               (no ring)

@: no status effects
A: sickness immunity, AC +3, negative energy resistance 1, electricity
resistance, torment resistance 1, petrification resistance
a: no special abilities


You were on level 3 of the Dungeon.
You visited 1 branch of the dungeon, and saw 3 of its levels.

You collected 124 gold pieces.

Inventory:

Hand Weapons
 a - a +0 war axe (weapon)
Armour
 c - a +0 buckler (worn)
 m - a +0 plate armour (worn)
Scrolls
 b - a scroll of butterflies {unknown}
 e - a scroll of summoning {unknown}
 g - a scroll of teleportation {unknown}
 i - a scroll of enchant weapon {unknown}
 l - 2 scrolls of identify {unknown}
Potions
 d - a potion of might
 f - 3 potions of curing {unknown}
 h - 4 potions of degeneration {unknown}
 j - 2 potions of brilliance {unknown}
 k - 2 potions of attraction {unknown}
 n - a potion of haste {unknown}


   Skills:
 - Level 3.2 Fighting
 + Level 3.6 Axes
 - Level 3.2 Armour
 - Level 3.2 Shields


You had 2 spell levels left.
You didn't know any spells.
Your spell library contained the following spells:

 Spells                   Type           Power      Damage    Failure   Level
 Portal Projectile        Hex/Tloc       0%         N/A       100%        3
 Tukima's Dance           Hex            0%         N/A       100%        3
 Blade Hands              Tmut           0%         N/A       100%        5


Dungeon Overview and Level Annotations

Branches:
Dungeon (3/15)

Altars:

Shops:
D:2 =

Annotations:
D:3 Sigmund


Innate Abilities, Weirdness & Mutations

You are immune to sickness and miasma.
Your stone body is resilient. (AC +3)
You are immune to poison.
You resist negative energy. (rN+)
You are resistant to electric shocks. (rElec)
You are resistant to unholy torment.
You are immune to petrification.


Message History

You are confused.
You are too injured to fight recklessly!
The goblin shouts!
You're too confused to move!
You bump into the rock wall.
You feel less confused. You block something's attack.
Something hits you but does no damage.
You slash the goblin!
You kill the goblin!
You closely miss something. Something hits you but does no damage.
You hear some strange, mumbled words.
Something tries to affect you, but you resist.
Items here: ! $ ) ?.
You start resting.
Something hits you but does no damage.
You barely miss something. Something hits you but does no damage.
You barely miss something.
You hear some strange, mumbled words.
A magic dart appears from out of thin air!
The magic dart hits you but does no damage.
You miss something.
You hear some strange, mumbled words.
A puff of flame appears from out of thin air!
The puff of flame hits you.
You miss something.
You hear some strange, mumbled words.
A magic dart appears from out of thin air!
The magic dart hits you.
You closely miss something.
You hear some strange, mumbled words.
Something tries to affect you, but you resist.
You hear a zap.
A bolt of light appears from out of thin air!
The bolt of light misses you.
You hit something.
You hear a zap.
A bolt of light appears from out of thin air!
The bolt of light hits you!!
Ouch! That really hurt!
You die...

#....... ###..##....#♣
....... #...........♣
#.....####.....##....♣
##...............#.....
#..$....##...##....#...
#.......#..............
#.......#.8.....8..#...
##.....##..............
##...@{...............
#####!.....>....##...
#...........##...
#................
#.<.8.....8......
#................
#.............#.#.
#...........#.#)#.
#..................


There were no monsters in sight!

Vanquished Creatures
  2 adders
  2 endoplasms
  7 goblins
  4 hobgoblins
  A quokka (D:3)
  3 bats
  2 frilled lizards (D:2)
  3 kobolds
  5 rats
29 creatures vanquished.

Notes
Turn   | Place    | Note
-------+----------+-------------------------------------------
     0 | D:1      | Kel the Gargoyle Fighter began the quest for the Orb.
     0 | D:1      | Reached XP level 1. HP: 14/14 MP: 1/1
   298 | D:1      | Reached XP level 2. HP: 19/19 MP: 2/2
   836 | D:2      | Reached XP level 3. HP: 23/23 MP: 3/3
   947 | D:2      | Found Deat's One-of-a-Kind Rings.
  1089 | D:2      | Found a faded altar of an unknown god.
  1419 | D:3      | Noticed Sigmund
  1440 | D:3      | Killed from afar by Sigmund

Illustrated notes

Levels and vault maps discovered:
D:1:      dpeg_arrival_round_b, layout_basic
D:2:      layout_rooms, shapermc_ecumenical_altar_mp_ritualfount,
          nicolae_shop_unique_rings, grunt_ministairs_12
D:3:      layout_rooms, nicolae_overflow_hidden_temple,
          mainiacjoe_overflow_alcove_1, serial_rivers,
          chequers_serial_rivers_small_b, chequers_serial_rivers_micro_b,
          chequers_serial_rivers_marsh, chequers_serial_rivers_micro_c,
          chequers_serial_rivers_large_b, st_stairs_1, uniq_sigmund

Skill      XL: |  1  2 |
---------------+-------+-----
Axes           | 2 3 |  3.6
Fighting       | |  3.2
Armour         | |  3.2
Shields        | |  3.2

Action                   || total
-------------------------++-------
Melee: War axe           ||    83
Armor: Scale mail        ||    28
       Plate armour      ||    28
Dodge: Dodged            ||    36
Block: Buckler           ||    16
